 Dungeon Crawl Stone Soup version 0.27.1-33-g824d729ab1 (webtiles) character file.

Game seed: 3004601048259315819

24 Descartes the Ducker (level 2, 0/14 HPs)
             Began as a Felid Wanderer on Nov 28, 2021.
             Succumbed to an adder's poison
             ... on level 2 of the Dungeon.
             The game lasted 00:03:15 (1557 turns).

Descartes the Ducker (Felid Wanderer)               Turns: 1557, Time: 00:03:16

Health: 0/14       AC:  1    Str:  9    XL:     2   Next: 79%
Magic:  3/3        EV: 19    Int: 11    God:
Gold:   50         SH:  0    Dex: 16    Spells: 1/1 levels left
                                        Lives:  0   Deaths: 0

rFire    . . .     SeeInvis +     - Unarmed
rCold    . . .     Faith    .   (shield unavailable)
rNeg     . . .     Spirit   .   (armour unavailable)
rPois    .         Reflect  .   (helmet unavailable)
rElec    .         Harm     .   (cloak unavailable)
rCorr    .         Rampage  .   (gloves unavailable)
Will     .....                  (boots unavailable)
Stlth    ++........             (no amulet)
HPRegen  0.04/turn              (no ring)
MPRegen  0.08/turn              (no ring)

@: lethally poisoned (0 -> -8), attractive, quick
A: very small, claws 1, fangs 3, see invisible, speed 1, shaggy fur 1, stealthy
paws, no weapons or thrown items, no armour, multi-lived
a: no special abilities


You were on level 2 of the Dungeon.
You visited 1 branch of the dungeon, and saw 2 of its levels.

You collected 50 gold pieces.

Inventory:

Missiles
 d - 43 stones
Scrolls
 b - a scroll of identify {unknown}
 e - a scroll of torment {unknown}
Potions
 a - 2 potions of lignification


   Skills:
 - Level 3.0 Fighting
 + Level 4.8 Dodging
 - Level 2.6 Stealth
 + Level 2.1 Unarmed Combat
 - Level 1.1 Evocations


You had one spell level left.
You didn't know any spells.
Your spell library was empty.

Dungeon Overview and Level Annotations

Branches:
Dungeon (2/15)

Altars:


Innate Abilities, Weirdness & Mutations

You have sharp claws.
You have razor-sharp teeth.
You have supernaturally acute eyesight. (SInv)
You cover ground quickly. (Speed+)
You are covered in fur. (AC +1)
Your paws help you pounce on unaware monsters.
You are incapable of wielding weapons or throwing items.
You cannot wear armour.
You gain extra lives every three experience levels.


Message History

You completely miss the adder.
The adder is moderately wounded.
The adder misses you.
You miss the adder.
The adder is moderately wounded.
The adder barely misses you.
You scratch the adder.
The adder is heavily wounded.
The adder bites you. The adder barely misses you.
You closely miss the adder.
The adder is heavily wounded.
The adder closely misses you.
You scratch the adder but do no damage. Your bite misses the adder.
The adder is heavily wounded.
The adder bites you.
You are poisoned.
The adder poisons you!
You scratch the adder. Your bite misses the adder.
The adder is severely wounded.
You feel sick. The adder bites you.
You are too injured to fight recklessly!
You are too injured to fight recklessly!
You are too injured to fight recklessly!
You scratch the adder but do no damage.
The adder is severely wounded.
The adder misses you.
You closely miss the adder. Your bite misses the adder.
The adder is severely wounded.
You feel sick. The adder misses you. The adder bites you.
* * * LOW HITPOINT WARNING * * *
You are lethally poisoned!
The adder poisons you!
It was a potion of attraction.
You feel attractive to monsters.
* * * LOW HITPOINT WARNING * * *
You feel very sick. The adder closely misses you.
You scratch the adder.
You kill the adder!
You die...

##### #...#
#...## +....#
#..@.# #....#
####.# ####.# #
#....# #.
#.#### ..
#.######
#.######.#.....
...#.......#


There were no monsters in sight!

Vanquished Creatures
  An adder (D:2)
  2 ball pythons (D:1)
  3 bats (D:1)
  2 endoplasms (D:1)
  2 giant cockroaches (D:1)
  4 goblins (D:1)
  4 hobgoblins (D:1)
  A quokka (D:1)
  A kobold (D:1)
  2 rats (D:1)
22 creatures vanquished.

Vanquished Creatures (others)
  6 fungi (D:1)
  8 plants (D:1)
14 creatures vanquished.

Grand Total: 36 creatures vanquished

Notes
Turn   | Place    | Note
-------+----------+-------------------------------------------
     0 | D:1      | Descartes the Felid Wanderer began the quest for the Orb.
     0 | D:1      | Descartes set off with the following items: 2 potions of
                  | lignification
     0 | D:1      | Reached XP level 1. HP: 10/10 MP: 2/2
   379 | D:1      | Reached XP level 2. HP: 3/14 MP: 3/3
  1266 | D:1      | Found a faded altar of an unknown god.
  1557 | D:2      | Succumbed to an adder's poison

Illustrated notes

Levels and vault maps discovered:
D:1:      tarquinn_simple_flora_water_b, layout_loops_ring,
          shapermc_ecumenical_altar_mp_urbaneastern
D:2:      layout_basic, uniq_sigmund

Skill      XL: |  1  2 |
---------------+-------+-----
Unarmed Combat | 2 |  2.1
Fighting       | |  3.0
Dodging        | |  4.8
Stealth        | |  2.6
Evocations     | |  1.1

Action                   || total
-------------------------++-------
Melee: Unarmed           ||    81
       Bite              ||     5
  Use: Potion            ||     1
 Stab: Sleeping          ||     4
Armor: Skin              ||     4
Dodge: Dodged            ||    67
